 Dungeon Crawl Stone Soup version 0.20.0-10-g0535bb4 (webtiles) character file.

345 MTVSty1e the Chopper (level 6, -1/58 HPs)
             Began as a Deep Dwarf Fighter on June 3, 2017.
             Killed by divine providence
             ... invoked by an orc priest
              (12 damage)
             ... on level 4 of the Dungeon.
             The game lasted 00:03:30 (1860 turns).

MTVSty1e the Chopper (Deep Dwarf Fighter)           Turns: 1860, Time: 00:03:31

Health: -1/58      AC:  8    Str: 27    XL:     6   Next: 32%
Magic:  6/6        EV:  7    Int:  8    God:
Gold:   109        SH: 15    Dex: 12    Spells: 5/5 levels left

rFire    . . .     SeeInvis .   a - +0 war axe
rCold    . . .     Gourm    .   c - +0 shield
rNeg     . . .     Faith    .   b - +0 scale mail
rPois    .         Spirit   .   n - +0 helmet
rElec    .         Reflect  +   (no cloak)
rCorr    .         Harm     .   (no gloves)
MR       .....                  (no boots)
Stlth    ..........             m - +5 amulet of reflection
Regen    0.0/turn               (no ring)
MPRegen  0.1/turn               (no ring)

@: mighty, non-regenerating
A: damage resistance, heal wounds, sense surroundings 1, no regeneration
a: Heal Wounds


You were on level 4 of the Dungeon.
You were not hungry.

You visited 1 branch of the dungeon, and saw 4 of its levels.

You collected 109 gold pieces.

Inventory:

Hand Weapons
 a - a +0 war axe (weapon)
Armour
 b - a +0 scale mail (worn)
 c - a +0 shield (worn)
 n - a +0 helmet (worn)
Jewellery
 m - a +5 amulet of reflection (around neck)
Wands
 q - a wand of random effects (10/48)
 r - a wand of digging (14/24)
Scrolls
 e - a scroll of random uselessness {unknown}
 i - 2 scrolls of teleportation {unknown}
 k - a scroll of immolation {unknown}
 o - 3 scrolls of identify {unknown}
 t - a scroll of noise {unknown}
Potions
 d - a potion of might
 h - 2 potions of magic {unknown}
 j - 2 potions of brilliance {unknown}
 l - a potion of mutation {unknown}
 p - a potion of flight {unknown}
Comestibles
 f - 2 meat rations
 g - 2 royal jellies
 u - a bread ration


   Skills:
 + Level 4.4 Fighting
 * Level 6.0 Axes
 - Level 3.2 Armour
 - Level 3.2 Shields


You had 5 spell levels left.
You didn't know any spells.

Dungeon Overview and Level Annotations

Branches:
Dungeon (4/15)
 Temple: D:4-7

Altars:
Kikubaaqudgha


Innate Abilities, Weirdness & Mutations

You are resistant to damage.
You can heal yourself by infusing magical energy.
You passively map a small area around you.
You do not regenerate.


Message History

Something hits you.
You slash the orc!
You kill the orc!
You hit the orc priest. x2
Your shield and scale mail prevent you from hitting something.
You block the orc priest's attack.
The orc priest hits you but does no damage.
Something hits you. The orc priest hits you with a club.
* * * LOW HITPOINT WARNING * * *
The orc priest looks encouraged for a moment.
Your shield and scale mail prevent you from hitting the orc priest.
The orc priest is moderately wounded.
You barely miss something. You hit the orc priest.
You kill the orc priest!
Your Axes skill increases to level 6!
Something hits you.
* * * LOW HITPOINT WARNING * * *
The orc priest mumbles some strange prayers to Beogh against you.
Beogh smites you!
You die...

#......... #.........
######.........
###.#....####....
#...#....# +....
#...#....# #....
#########..#....##+#....
#.....).#..###'##.......
#.....o@'.......#....[..
#>....){#.......#.......
#.......#..##...#.......
######################..
#.. #.. *#.. ... *,...


You could see an orc priest.

Vanquished Creatures
  A bullfrog (D:4)
  A howler monkey (D:4)
  2 orc wizards
  An orc priest (D:4)
  Ijyb (D:4)
  7 adders
  An ooze (D:3)
  A dart slug (D:2)
  A leopard gecko (D:1)
  6 orcs
  3 bats
  4 goblins
  11 hobgoblins
  6 jackals
  8 frilled lizards
  5 kobolds
  A quokka skeleton (D:4)
  4 rats
64 creatures vanquished.

Notes
Turn   | Place    | Note
-------+----------+-------------------------------------------
     0 | D:1      | MTVSty1e the Deep Dwarf Fighter began the quest for the Orb.
     0 | D:1      | Reached XP level 1. HP: 20/20 MP: 1/1
   197 | D:1      | Reached XP level 2. HP: 17/27 MP: 2/2
   339 | D:1      | Reached skill level 3 in Axes
   682 | D:2      | Found an ancient bone altar of Kikubaaqudgha.
   790 | D:2      | Reached XP level 3. HP: 34/34 MP: 3/3
  1150 | D:3      | Reached skill level 4 in Axes
  1150 | D:3      | Reached XP level 4. HP: 37/42 MP: 4/4
  1331 | D:3      | Reached XP level 5. HP: 43/50 MP: 5/5
  1335 | D:3      | Found a faded altar of an unknown god.
  1736 | D:4      | Reached skill level 5 in Axes
  1743 | D:4      | Noticed Ijyb
  1759 | D:4      | Killed Ijyb
  1759 | D:4      | Reached XP level 6. HP: 37/57 MP: 6/6
  1860 | D:4      | Reached skill level 6 in Axes
  1860 | D:4      | Killed from afar by an orc priest

Skill      XL: |  1  2  3  4  5  6 |
---------------+-------------------+-----
Fighting       | 3 4 |  4.4
Axes           | 3 4 5 6 |  6.0
Armour         | |  3.2
Shields        | |  3.2

Action                   |  1- 3 |  4- 6 || total
-------------------------+-------+-------++-------
Melee: War axe           |    92 |   112 ||   204
  Use: Potion            |     1 |     2 ||     3
  Eat: Bread ration      |       |     1 ||     1
Armor: Scale mail        |    37 |    45 ||    82
Dodge: Dodged            |    31 |    29 ||    60
Block: Shield            |    63 |    91 ||   154
       Reflection        |     1 |     1 ||     2
